 Dungeon Crawl Stone Soup version 0.31-a0-435-g2c6fae2916 (webtiles) character file.

Game seed: 5804432883262447000

109 Maxmaps the Sneak (level 4, 0/29 HPs)
             Began as an Octopode Hunter on Aug 1, 2023.
             Slain by Terence
             ... wielding a +0 hand axe
              (8 damage)
             ... on level 2 of the Dungeon.
             The game lasted 00:00:55 (732 turns).

Maxmaps the Sneak (Octopode Hunter)                  Turns: 732, Time: 00:00:56

Health: 0/29       AC:  1    Str: 10    XL:     4   Next: 89%
Magic:  4/4        EV: 13    Int: 13    God:
Gold:   44         SH:  0    Dex: 15    Spells: 3/3 levels left

rFire   . . .        a - +0 shortbow
rCold   . . .        (shield currently unavailable)
rNeg    . . .        (helmet currently unavailable)
rPois   .            (no amulet)
rElec   .            (no ring)
rCorr   .            (no ring)
SInv    .            (no ring)
Will    .....        (no ring)
Stlth   ++++         (no ring)
HPRegen 0.24/turn    (no ring)
MPRegen 0.09/turn    (no ring)
                     (no ring)

%: no passive effects
@: beast-form
A: beast (slay +0), almost no armour, amphibious, 8 rings, camouflage 1,
gelatinous body 1, (nimble swimmer 1), tentacles
a: Begin Untransformation


You were on level 2 of the Dungeon.
You were a hulking beast.
You visited 1 branch of the dungeon, and saw 2 of its levels.

You collected 44 gold pieces.

Inventory:

Hand Weapons
 a - a +0 shortbow (weapon)
Talismans
 g - a beast talisman (active)
Scrolls
 b - a scroll of butterflies
 c - a scroll of immolation {unknown}
 d - a scroll of enchant weapon {unknown}
 e - 2 scrolls of identify {unknown}
 f - a scroll of teleportation {unknown}
Potions
 h - a potion of lignification {unknown}


   Skills:
 - Level 2.0 Fighting
 - Level 4.0 Ranged Weapons
 - Level 2.0 Dodging
 + Level 6.4 Stealth
 - Level 0.3 Shapeshifting


You had 3 spell levels left.
You didn't know any spells.
Your spell library contained the following spells:

 Spells                   Type           Power      Damage    Failure   Level
 Wereblood                Tmut           0%         N/A       43%         2
 Irradiate                Conj/Tmut      0%         3d11      100%        5


Dungeon Overview and Level Annotations

Branches:
Dungeon (2/15)

Altars:

Annotations:
D:2 Terence


Innate Abilities, Weirdness & Mutations

You are a hulking beast.
Your limbs bulge with bestial killing power. (Slay +0)
You cannot wear most types of armour.
You are amphibious.
You can wear up to eight rings at the same time.
Your skin changes colour to match your surroundings (Stealth+).
Your rubbery body absorbs attacks. (AC +1, EV +1)
((You are camouflaged when in or above water. (Stealth+)))
You have tentacles for arms and can constrict up to eight enemies at once.


Message History

The arrow closely misses the ball python.
A ball python is nearby!
You shoot an arrow. The arrow hits the ball python.
You kill the ball python!
No target in view!
No target in view!
No target in view!
Terence the Incautious comes into view.
He is wielding a +0 hand axe.
You shoot an arrow.
Terence shouts!
The arrow hits Terence.
Terence is lightly wounded.
Terence is nearby!
You shoot an arrow. The arrow hits Terence.
Terence is moderately wounded.
You shoot an arrow. The arrow hits Terence!
Terence is severely wounded.
You shoot an arrow. The arrow closely misses Terence.
You shoot an arrow. The arrow hits Terence.
Terence is severely wounded.
Terence barely misses you.
You shoot an arrow.
The arrow hits Terence but does no damage.
Terence is severely wounded.
Terence closely misses you.
You shoot an arrow.
The arrow hits Terence but does no damage.
Terence is severely wounded.
Terence hits you with a +0 hand axe! Terence hits you with a +0 hand axe.
* * * LOW HITPOINT WARNING * * *
You are too injured to fight recklessly!
You are too injured to fight recklessly!
You are too injured to fight recklessly!
Fire: a) +0 shortbow
Press: ? - help, Shift-Dir - straight line, f/p - Terence
Aim: Terence, wielding a +0 hand axe and wearing a +0 chain mail (severely wounded, 69% to hit)
You shoot an arrow. The arrow closely misses Terence.
Terence shouts, "Now you die!" Terence hits you with a +0 hand axe!
You die...

...#
#####..######..#
gr....†........
........#####.#
..........#....
..###..##.#.#.#
#.....#.#.#
#.###...#.####.#
#. #.@h[......
#. #......####
.. ##.....# #
###...# #...#
##..# #..####
#.....#
####.....+


You could see Terence.

Vanquished Creatures
  A scorpion (D:2)
  An adder (D:2)
  2 dart slugs (D:1)
  5 ball pythons
  5 bats
  An endoplasm (D:1)
  3 giant cockroaches (D:1)
  3 goblins (D:1)
  5 hobgoblins
  2 kobolds (D:1)
  A quokka (D:2)
  3 frilled lizards (D:1)
32 creatures vanquished.

Notes
Turn   | Place    | Note
-------+----------+-------------------------------------------
     0 | D:1      | Maxmaps the Octopode Hunter began the quest for the Orb.
     0 | D:1      | Reached XP level 1. HP: 14/14 MP: 1/1
    47 | D:1      | Reached skill level 2 in Stealth
    79 | D:1      | Reached skill level 3 in Stealth
    79 | D:1      | Reached XP level 2. HP: 19/19 MP: 2/2
   297 | D:1      | Reached skill level 4 in Stealth
   297 | D:1      | Reached XP level 3. HP: 24/24 MP: 3/3
   668 | D:2      | Noticed a scorpion
   683 | D:2      | Killed a scorpion
   684 | D:2      | Reached skill level 6 in Stealth
   684 | D:2      | Reached XP level 4. HP: 10/29 MP: 4/4
   722 | D:2      | Noticed Terence
   732 | D:2      | Slain by Terence

Illustrated notes

Levels and vault maps discovered:
D:1:      grunt_arrival_crossed_arrows, layout_basic, serial_bayou_pond_e
D:2:      layout_basic, uniq_terence

Skill      XL: |  1  2  3 |
---------------+----------+-----
Stealth        | 3 4 6 |  6.4
Fighting       | |  2.0
Ranged Weapons | |  4.0
Dodging        | |  2.0
Shapeshifting  | |  0.3

Action                     |  1- 3 |  4- 6 || total
---------------------------+-------+-------++-------
   Fire: Shortbow          |    86 |    12 ||    98
 Armour: Skin              |     9 |       ||     9
  Dodge: Dodged            |    47 |     2 ||    49
   Form: Beast             |     1 |       ||     1

Table legend: (Time is in decaauts)
 A = Elapsed time spent in this place.
 B = Non-inter-level travel time spent in this place.
 C = Inter-level travel time spent in this place.
 D = Time resting spent in this place.
 E = Time spent auto-exploring this place.
 F = Levels seen in this place.
 G = Mean time per level.
                   A        B        C        D        E       F      G
               +--------+--------+--------+--------+--------+-----+--------+
         Total |    751 |    731 |     20 |     20 |    537 |   2 |  375.5 |
       Dungeon |    751 |    731 |     20 |     20 |    537 |   2 |  375.5 |
               +--------+--------+--------+--------+--------+-----+--------+

Top non-repeatable levels by time:
     D:1: 558 daAuts
     D:2: 192 daAuts
